 Dungeon Crawl Stone Soup version 0.17-a0-1951-g62301d3 (console) character file.

8864 nht the Bludgeoner (level 11, 0/96 HPs)
             Began as an Ogre Hunter on Oct 2, 2015.
             Was a Believer of the Shining One.
             Slain by a blink frog (19 damage)
             ... on level 1 of the Lair of Beasts.
             The game lasted 00:15:48 (7733 turns).

nht the Bludgeoner (Ogre Hunter)                    Turns: 7733, Time: 00:15:48

Health: 0/96       AC: 10    Str: 22    XL:     11   Next: 37%
Magic:  11/11      EV: 10    Int: 10    God:    the Shining One [**....]
Gold:   713        SH:  0    Dex: 10    Spells: 0 memorised, 10 levels left

rFire  . . .     SeeInvis .     a - +0 giant spiked club
rCold  + . .     Clarity  .     d - +0 robe
rNeg   + . .     SustAt   .     (no shield)
rPois  .         Gourm    .     (helmet restricted)
rElec  .         Spirit   .     g - +2 cloak
rCorr  .         Warding  .     (gloves unavailable)
rMut   .         Stasis   .     (boots unavailable)
MR     +....                    m - amulet of regeneration
Stlth  +.........               z - ring of protection from cold
                                o - +4 ring of protection

@: lethally poisoned (0 -> -1), glowing, somewhat resistant to hostile
enchantments, very unstealthy
A: unfitting armour, tough skin 1
a: Divine Shield, Renounce Religion


You were on level 1 of the Lair of Beasts.
You worshipped the Shining One.
The Shining One was pleased with you.
You were not hungry.

You visited 3 branches of the dungeon, and saw 13 of its levels.
You also visited: Sewer.

You collected 713 gold pieces.

Inventory:

Hand weapons
 a - a +0 giant spiked club (weapon)
Missiles
 b - 3 throwing nets
 h - 11 tomahawks
 i - 4 large rocks (quivered)
Armour
 d - a +0 robe (worn)
 g - a +2 cloak (worn)
Jewellery
 m - an amulet of regeneration (around neck)
 o - a +4 ring of protection (left hand)
 x - an uncursed ring of protection from fire
 z - a ring of protection from cold (right hand)
Magical devices
 c - a wand of fire (9)
 l - a wand of confusion (43)
 u - a wand of fireball (0)
 y - a wand of lightning (7)
 H - a wand of polymorph (10)
 K - a wand of frost (20)
 M - a wand of fireball (5)
Scrolls
 f - 3 scrolls of remove curse
 q - 7 scrolls of identify
 s - a scroll of fog
 t - 3 scrolls of teleportation
 v - a scroll of recharging
 A - a scroll of acquirement {unknown}
 L - 2 scrolls of blinking
Potions
 k - 3 potions of brilliance
 p - 6 potions of curing
 r - 3 potions of flight
 C - 2 potions of agility
 E - 2 potions of resistance
 F - a potion of might
 I - 2 potions of cure mutation
Comestibles
 e - 8 bread rations
 j - 3 meat rations
 n - 8 beef jerkies
 w - 3 fruits
 B - 7 chunks of flesh
 G - 2 slices of pizza
 J - a royal jelly


   Skills:
 - Level 2.6 Fighting
 + Level 19.9 Maces & Flails
 - Level 5.6 Throwing
 - Level 1.7 Dodging
 - Level 0.7 Stealth


You had 10 spell levels left.
You didn't know any spells.

Dungeon Overview and Level Annotations

Branches:
Dungeon (11/15)            Temple (1/1) D:6            Lair (1/8) D:11
    Orc: D:9-12

Altars:
Ashenzari
Cheibriados
Dithmenos
Elyvilon
Fedhas
Gozag
Kikubaaqudgha
Makhleb
Nemelex Xobeh
Okawaru
Qazlal
Ru
Sif Muna
Trog
Vehumet
Xom
Yredelemnul
Zin
The Shining One


Innate Abilities, Weirdness & Mutations

You are too large for most types of armour.
You have tough skin (AC +1).


Message History

The blink frog blinks! x2
The blink frog momentarily phases out as your attack passes through it.
The blink frog is severely wounded.
You feel sick. The blink frog hits you!
* * * LOW HITPOINT WARNING * * *
The blink frog blinks!
Throwing (i - inventory. (,) - cycle):
i - 6 large rocks (quivered)
Press: ? - help, Shift-Dir - straight line, f - blink frog
Aim: a blink frog (translocational energy)
You throw a large rock. The large rock hits the blink frog!
Your attack snaps the blink frog out of its fear.
The blink frog is heavily wounded.
You feel sick.
Throwing (i - inventory. (,) - cycle):
i - 5 large rocks (quivered)
Press: ? - help, Shift-Dir - straight line, f - blink frog
Aim: a blink frog (severely wounded, haloed)
You throw a large rock. The large rock hits the blink frog!
You kill the blink frog!
The blink frog hits you!!
You die...

██†██
█..P█
█..███..██
█......██
███.....██
██..█..██
█.████F██
█. █..██
.█


█P█(██ .. ███..██ ... █..@█ █(F██ █........█ ██....F.P█ ██.....██ █..█...
█.████.F █. .. █. ██. You could see a spiny frog (fleeing) and 2 blink frogs.

Vanquished Creatures
  A hydra (Lair:1)
  2 hill giants (D:10)
  An elephant (D:11)
  A spiny frog (Lair:1)
  A gargoyle (D:10)
  A komodo dragon (Lair:1)
  A troll (D:11)
  2 blink frogs (Lair:1)
  4 yaks (D:10)
  Sigmund (D:4)
  A shadow (D:11)
  2 hippogriffs
  3 water moccasins
  A porcupine (Lair:1)
  An ice beast (D:7)
  3 sky beasts
  A wasp (D:9)
  2 orc warriors
  4 black bears
  4 centaurs
  A phantom (D:10)
  2 crocodiles
  2 ogres
  A big kobold (D:11)
  5 giant frogs
  A gnoll sergeant (D:6)
  3 killer bees (D:8)
  A scorpion (D:5)
  A wight (D:7)
  A quasit (D:6)
  5 crimson imps
  2 hounds
  A jelly (D:9)
  A giant frog skeleton (D:10)
  Crazy Yiuf (D:3)
  8 orc wizards
  Jessica (D:9)
  A gnoll shaman (D:3)
  7 orc priests
  3 iguanas
  A killer bee zombie (D:7)
  7 worker ants
  A sheep (D:11)
  A hound skeleton (D:9)
  2 worker ant zombies
  8 gnolls
  2 shadow imps (D:6)
  8 adders
  4 oozes (Sewer)
  4 worms
  7 giant geckos
  52 orcs
  3 ball pythons
  11 bats
  10 giant cockroaches
  9 hobgoblins
  9 jackals
  12 kobolds
  4 giant newts
  7 goblins
  A jackal zombie (D:8)
  8 quokkas
  A quokka skeleton (D:6)
  12 rats
269 creatures vanquished.

Notes
Turn   | Place    | Note
--------------------------------------------------------------
     0 | D:1      | nht the Ogre Hunter began the quest for the Orb.
     0 | D:1      | Reached XP level 1. HP: 22/22 MP: 1/1
   119 | D:1      | Reached XP level 2. HP: 15/29 MP: 2/2
   327 | D:1      | Reached skill level 5 in Throwing
   736 | D:2      | Reached XP level 3. HP: 36/36 MP: 3/3
   855 | D:2      | Found a sacrificial altar of Ru.
   905 | D:2      | Reached skill level 1 in Maces & Flails
  1177 | D:2      | Reached XP level 4. HP: 44/44 MP: 4/4
  1376 | D:3      | Reached XP level 5. HP: 47/50 MP: 5/5
  1430 | D:3      | Found a shattered altar of Ashenzari.
  1513 | D:3      | Reached skill level 5 in Maces & Flails
  1577 | D:3      | Noticed Crazy Yiuf
  1579 | D:3      | Killed Crazy Yiuf
  1625 | D:3      | Reached skill level 6 in Maces & Flails
  1625 | D:3      | Reached XP level 6. HP: 56/59 MP: 6/6
  2341 | D:4      | Reached skill level 7 in Maces & Flails
  2389 | D:4      | Noticed Sigmund
  2391 | D:4      | Killed Sigmund
  2391 | D:4      | Reached skill level 8 in Maces & Flails
  2391 | D:4      | Reached XP level 7. HP: 66/66 MP: 7/7
  2549 | D:4      | Found a glowing drain.
  2567 | Sewer    | Entered a sewer
  2963 | Sewer    | Reached skill level 9 in Maces & Flails
  3372 | D:5      | Entered Level 5 of the Dungeon
  3494 | D:5      | Reached skill level 10 in Maces & Flails
  3542 | D:5      | Reached XP level 8. HP: 49/74 MP: 8/8
  3909 | D:6      | Reached skill level 11 in Maces & Flails
  4156 | D:6      | Found a staircase to the Ecumenical Temple.
  4172 | Temple   | Entered the Ecumenical Temple
  4256 | Temple   | Became a worshipper of the Shining One
  4341 | D:6      | Reached skill level 12 in Maces & Flails
  4478 | D:6      | Found a white marble altar of Elyvilon.
  4478 | D:6      | Found an ancient bone altar of Kikubaaqudgha.
  4610 | D:7      | Reached skill level 13 in Maces & Flails
  4612 | D:7      | Reached XP level 9. HP: 43/80 MP: 9/9
  4858 | D:7      | Found a sparkling altar of Nemelex Xobeh.
  4863 | D:7      | Found a shimmering altar of Xom.
  4866 | D:7      | Found a basalt altar of Yredelemnul.
  4921 | D:7      | Reached skill level 14 in Maces & Flails
  4928 | D:7      | Acquired the Shining One's first power
  5594 | D:8      | Reached skill level 15 in Maces & Flails
  6091 | D:9      | Identified Lehudib's Catalogue of Conjuration and Weightlessness
  6127 | D:9      | Reached skill level 16 in Maces & Flails
  6209 | D:9      | Reached XP level 10. HP: 88/88 MP: 10/10
  6246 | D:9      | Found a sparkling altar of Nemelex Xobeh.
  6246 | D:9      | Noticed Jessica
  6250 | D:9      | Killed Jessica
  6500 | D:10     | Entered Level 10 of the Dungeon
  6500 | D:10     | Noticed a hill giant
  6500 | D:10     | Acquired the Shining One's second power
  6505 | D:10     | Killed a hill giant
  6575 | D:10     | Reached skill level 17 in Maces & Flails
  6787 | D:10     | Noticed a hill giant
  6792 | D:10     | Killed a hill giant
  6792 | D:10     | Reached skill level 18 in Maces & Flails
  7195 | D:11     | Found a staircase to the Lair.
  7210 | D:11     | Noticed an elephant
  7217 | D:11     | Killed an elephant
  7217 | D:11     | Reached XP level 11. HP: 64/96 MP: 11/11
  7249 | D:11     | Reached skill level 19 in Maces & Flails
  7402 | Lair:1   | Entered Level 1 of the Lair of Beasts
  7402 | Lair:1   | Noticed a four-headed hydra
  7663 | Lair:1   | Killed a four-headed hydra
  7733 | Lair:1   | Slain by a blink frog

Vault maps used:
D:1:      dpeg_arrival_chase, bh_walls_and_bars
D:2:      nicolae_ru_the_path_less_chosen, first_bread
D:3:      nicolae_overflow_hidden_temple, uniq_crazy_yiuf_cottage
D:4:      gup_sewer_entry_bubbles, kennysheep_dice, uniq_sigmund
D:5:      uniq_menkaure
D:6:      grunt_temple_overflow_open, temple_hall
D:7:      minmay_overflow_temple_star_quad, grunt_ogre_cave
D:8:      hangedman_decor_slide_cut, minmay_misc_feat_hallway,
          roderic_roman_lattice
D:9:      nemelex_lonely_heart_becter
D:11:     david_lair_generic
Temple:   circular_temple_12
Sewer:    sewer_fruit_machine

Action                   |  1- 3 |  4- 6 |  7- 9 | 10-12 || total
-------------------------+-------+-------+-------+-------++-------
Melee: Short sword       |   110 |       |       |       ||   110
       Club              |    36 |    53 |       |       ||    89
       Mace              |       |    17 |       |       ||    17
       Flail             |       |    10 |   217 |       ||   227
       Giant club        |       |       |   176 |    43 ||   219
       Giant spiked club |       |       |       |    76 ||    76
Throw: Large rock        |    13 |    28 |    21 |    29 ||    91
       Tomahawk          |       |       |     4 |     1 ||     5
Evoke: Wand              |       |       |     1 |     2 ||     3
  Use: Scroll            |       |     6 |     4 |     3 ||    13
       Potion            |       |     4 |     1 |     6 ||    11
  Eat: Chunk             |       |     5 |    13 |     7 ||    25
